 Dungeon Crawl Stone Soup version 0.28.0-53-g5a82cb258f (webtiles) character file.

Game seed: 12183294335487950430

1304 tkbsonic5 the Bolt Thrower (level 8, 0/61 HPs)
             Began as a Formicid Hunter on Nov 29, 2022.
             Was an Initiate of Yredelemnul.
             Succumbed to a hornet's poison
             ... on level 5 of the Dungeon.
             The game lasted 00:26:28 (5164 turns).

tkbsonic5 the Bolt Thrower (Formicid Hunter)        Turns: 5164, Time: 00:26:29

Health: 0/61       AC:  8    Str: 15    XL:     8   Next: 88%
Magic:  12/12      EV: 11    Int: 23    God:    Yredelemnul [......]
Gold:   246        SH:  0    Dex: 13    Spells: 7/7 levels left

rFire   . . .      SeeInvis +   l - +7 dagger of Silly Prudence {vamp, rElec rCorr Str-2 Int+6}
rCold   . . .      Faith    .   (no shield)
rNeg    . . .      Spirit   .   j - +1 ring mail
rPois   .          Reflect  .   (helmet unavailable)
rElec   +          Harm     .   (no cloak)
rCorr   +          Rampage  .   (no gloves)
Will    .....                   p - +1 pair of boots {Fly}
Stlth   ++........              (no amulet)
HPRegen 0.20/turn               k - +6 ring of intelligence
MPRegen 0.13/turn               u - ring of resist corrosion

@: lethally poisoned (0 -> -16), flying
A: permanent stasis, dig shafts and tunnels, antennae 3, four strong arms
a: Dig, Shaft Self, Renounce Religion, Recall Undead Harvest


You were on level 5 of the Dungeon.
You worshipped Yredelemnul.
Yredelemnul was noncommittal.
You visited 1 branch of the dungeon, and saw 6 of its levels.

You collected 246 gold pieces.

Inventory:

Hand Weapons
 a - a +1 hand crossbow
 b - a +0 hunting sling
 l - the +7 dagger of Silly Prudence (weapon) {vamp, rElec rCorr Str-2 Int+6}
   (You found it on level 5 of the Dungeon)

   It occasionally heals its wielder for a portion of the damage dealt when it
   wounds a living foe.
   Str:       It affects your strength (-2).
   Int:       It affects your intelligence (+6).
   rElec:     It insulates you from electricity.
   rCorr:     It protects you from acid and corrosion.
 t - a +2 whip of electrocution
Missiles
 f - 213 stones (quivered)
 g - a throwing net
 h - 49 arrows
 i - 8 bolts
 q - 3 poisoned darts
Armour
 c - a +0 leather armour
 j - a +1 ring mail (worn)
 m - a +0 cloak
 p - a +1 pair of boots of flying (worn)
Jewellery
 k - a +6 ring of intelligence (left hand)
 u - a ring of resist corrosion (right hand)
Wands
 e - a wand of mindburst (16)
Scrolls
 d - 3 scrolls of teleportation {unknown}
 o - 4 scrolls of identify
 s - 3 scrolls of immolation
Potions
 n - a potion of brilliance


   Skills:
 * Level 4.9 Fighting
 * Level 0.6 Short Blades
 + Level 1.1 Slings
 * Level 6.3 Crossbows
 + Level 3.2 Armour
 + Level 3.5 Dodging
 + Level 4.6 Stealth
 * Level 5.4 Invocations
 + Level 0.3 Evocations


You had 7 spell levels left.
You didn't know any spells.
Your spell library contained the following spells:

 Spells                   Type           Power      Damage    Failure   Level
 Animate Skeleton         Necr           0%         N/A       30%         1
 Pain                     Necr           0%         1d4       30%         1
 Dazzling Flash           Conj/Hex       0%         N/A       65%         3
 Vampiric Draining        Necr           0%         2d6       65%         3
 Agony                    Necr           0%         N/A       100%        5
 Silence                  Hex/Air        0%         N/A       100%        5


Dungeon Overview and Level Annotations

Branches:
Dungeon (6/15)             Temple (0/1) D:5

Altars:
Ashenzari
Dithmenos
Hepliaklqana
Yredelemnul

Shops:
D:4 :

Annotations:
D:5 2 transporters, macfelon's ghost, amateur DECj


Innate Abilities, Weirdness & Mutations

You cannot be hasted, slowed, berserked, paralysed or teleported.
You can dig through walls and to a lower floor.
You have a pair of large antennae on your head. (SInv)
Your four strong arms can wield two-handed weapons with a shield.


Message History

A hornet comes into view.
The hornet buzzes angrily.
The hornet stings you!
You are poisoned.
Your stasis prevents you from being paralysed.
The hornet stings you!
You are more poisoned.
Your stasis prevents you from being slowed.
You hit the hornet.
You feel better.
The hornet is lightly wounded.
You feel very sick. The hornet closely misses you.
You hit the hornet.
You feel better.
The hornet is moderately wounded.
You feel very sick. The hornet stings you.
Your stasis prevents you from being slowed.
The hornet stings you!
Your stasis prevents you from being paralysed.
You swap places.
* * * LOW HITPOINT WARNING * * *
You feel very sick. The hornet stings your orc zombie!!
Your orc zombie is destroyed!
Okay, then.
Okay, then.
* * * LOW HITPOINT WARNING * * *
You feel very sick.
You feel sick. The hornet stings you.
* * * LOW HITPOINT WARNING * * *
You are more poisoned.
Your stasis prevents you from being slowed.
* * * LOW HITPOINT WARNING * * *
You feel very sick.
There is an escape hatch in the ceiling here.
Okay, then.
You don't know any spells.
You don't know any spells.
You die...
Your body rises from the dead as a mindless zombie.

**** ,,,* ########## **,*
#...y@...# *,* #.######.# *** *,*
#.# #.#### *,* **,****** #.#
#....####.* ,*,,,,,,* #.#
#.........***** ,*###**,* #.#
#.........,,,,, ,*,...,,*
#.######.........*,*** ,*<##.####
#..............[.*,,,*
*###.....###########'####.#,,,*,*


You could see a hornet.

Vanquished Creatures
  An unseen horror (D:5)
  A necrophage (D:5)
  2 ogres
  A phantom (D:5)
  4 scorpions
  A water moccasin skeleton (D:5)
  An orc priest (D:3)
  A bullfrog skeleton (D:6)
  Natasha (thrice) (D:3)
  2 gnolls (D:3)
  7 adders
  A shadow imp (D:6)
  2 adder skeletons (D:4)
  An adder zombie (D:5)
  3 worms
  A dart slug (D:2)
  14 orcs
  A bat zombie (D:2)
  7 endoplasms
  2 giant cockroaches
  A gnoll zombie (D:3)
  11 goblins
  7 hobgoblins
  7 kobolds
  3 quokkas
  7 ball pythons
  12 bats
  5 frilled lizards
  8 rats
117 creatures vanquished.

Vanquished Creatures (collateral kills)
  A hound (D:4)
  Robin (D:2)
  A gnoll (D:3)
  2 orcs (D:3)
  A hobgoblin (D:4)
  A ball python (D:1)
  A frilled lizard (D:1)
  2 goblins (D:2)
  2 kobolds (D:4)
  A rat (D:2)
13 creatures vanquished.

Vanquished Creatures (others)
  A gnoll (D:3)
  2 adder zombies (D:3)
  2 bat zombies (D:2)
  A goblin (D:2)
  2 ball python zombies (D:2)
  A dart slug zombie (D:2)
  4 goblin zombies (D:2)
  3 hobgoblin zombies (D:2)
  8 orc zombies
  3 rat zombies (D:2)
27 creatures vanquished.

Grand Total: 157 creatures vanquished

Notes
Turn   | Place    | Note
-------+----------+-------------------------------------------
     0 | D:1      | tkbsonic5 the Formicid Hunter began the quest for the Orb.
     0 | D:1      | Reached XP level 1. HP: 16/16 MP: 1/1
    73 | D:1      | Reached XP level 2. HP: 22/22 MP: 2/2
   301 | D:1      | Reached XP level 3. HP: 28/28 MP: 3/3
   574 | D:1      | Found a faded altar of an unknown god.
   591 | D:1      | Prayed at the altar of an unknown god.
   591 | D:1      | Became a worshipper of Yredelemnul the Dark
   591 | D:1      | Reached * piety under Yredelemnul
   817 | D:2      | Reached XP level 4. HP: 34/34 MP: 4/4
   818 | D:2      | Reached skill level 1 in Invocations
   919 | D:2      | Noticed Robin
  1481 | D:2      | Killed Robin
  1541 | D:2      | Reached XP level 5. HP: 32/40 MP: 6/6
  2008 | D:2      | Reached ** piety under Yredelemnul
  2240 | D:3      | Found a hazy altar of Hepliaklqana.
  2280 | D:3      | Reached skill level 1 in Armour
  2528 | D:3      | Noticed Natasha
  2538 | D:3      | Killed Natasha
  2539 | D:3      | Reached XP level 6. HP: 29/47 MP: 6/8
  2815 | D:3      | Reached skill level 5 in Crossbows
  3087 | D:3      | Noticed Natasha
  3095 | D:3      | Killed Natasha
  3273 | D:3      | Noticed Natasha
  3280 | D:3      | Killed Natasha
  3300 | D:4      | Noticed an ogre
  3317 | D:3      | Killed an ogre
  3318 | D:3      | Reached XP level 7. HP: 34/52 MP: 9/9
  3849 | D:4      | Found Daveoful's Book Boutique.
  4067 | D:4      | Found a shadowy altar of Dithmenos.
  4310 | D:5      | Entered Level 5 of the Dungeon
  4380 | D:5      | Noticed an unseen horror
  4412 | D:5      | Killed an unseen horror
  4413 | D:5      | Reached skill level 6 in Crossbows
  4413 | D:5      | Reached XP level 8. HP: 13/61 MP: 11/11
  4414 | D:5      | You are sucked into a shaft and drop 1 floor!
  4693 | D:6      | Reached skill level 5 in Invocations
  4796 | D:6      | Found a broken altar of Ashenzari.
  4926 | D:5      | Found a transporter.
  4981 | D:5      | Found a transporter.
  4986 | D:5      | Noticed macfelon's ghost (amateur DECj)
  5013 | D:5      | Found a staircase to the Ecumenical Temple.
  5065 | D:5      | Identified the +7 dagger of Silly Prudence {vamp, rElec
                  | rCorr Str-2 Int+6}
  5085 | D:5      | Reached skill level 1 in Slings
  5156 | D:5      | Noticed a hornet
  5164 | D:5      | Succumbed to a hornet's poison

Illustrated notes

Levels and vault maps discovered:
D:1:      heliophobic_arrival_glass_houses, layout_rooms,
          hellmonk_ecumenical_altar_zigzags, wad_floor_pattern_untrapped
D:2:      layout_basic, kennysheep_small_spiral, chequers_decorated_corner,
          chequers_serial_rivers_micro_e, uniq_robin
D:3:      layout_loops_ring, general_overflow_altar, lemuel_flame_loot_1,
          uniq_natasha
D:4:      layout_rooms, mainiacjoe_overflow_paths, serial_shops, shop_fountains,
          nicolae_figureground_sparkle
D:5:      cheibrodos_helix_gallery, layout_basic,
          chequers_temple_overflow_minitemple, minmay_temple_entry_antechambers,
          gammafunk_ghost_hive
D:6:      layout_rooms, mainiacjoe_overflow_alcove_2, nemelex_dance_club_becter

Skill      XL: |  1  2  3  4  5  6  7  8 |
---------------+-------------------------+-----
Stealth        | 2 3 4 |  4.6
Dodging        | 2 3 |  3.5
Invocations    | 2 3 4 5 |  5.4
Armour         | 1 3 |  3.2
Fighting       | 3 4 |  4.9
Crossbows      | 5 6 |  6.3
Slings         | 1 |  1.1
Short Blades   | |  0.6
Evocations     | |  0.3

Action                   |  1- 3 |  4- 6 |  7- 9 || total
-------------------------+-------+-------+-------++-------
Melee: Short sword       |       |    13 |       ||    13
       Whip              |       |       |    31 ||    31
       Dagger            |       |       |    34 ||    34
       Punch             |       |       |     3 ||     3
 Fire: Hand crossbow     |    69 |   112 |    66 ||   247
       Hunting sling     |       |    47 |       ||    47
Throw: Stone             |       |       |     4 ||     4
Invok: Recall Undead Har |       |     2 |       ||     2
       Dark Bargain      |       |     1 |       ||     1
 Abil: Dig               |       |       |     1 ||     1
       Shaft Self        |       |       |     1 ||     1
  Use: Scroll            |       |     4 |     3 ||     7
       Potion            |       |     2 |     2 ||     4
 Stab: Sleeping          |       |       |     1 ||     1
Armor: Ring mail         |     3 |    29 |    35 ||    67
       Skin              |       |     2 |       ||     2
Dodge: Dodged            |    14 |    53 |    60 ||   127
